[Event "Titled Tuesday Blitz August 15 Early 2023"]
[White "Konenkin, Dmitry"]
[Black "Floresvillar Gonzalez, Luis Migu"]
[WhiteFideId "4185781"]
[BlackFideId "5100542"]
[WhiteElo "2286"]
[BlackElo "2114"]
[Result "1-0"]
[Round "7"]
[TimeControl "180+1"]
[Date "2023.08.15"]
[WhiteClock "0:00:15"]
[BlackClock "0:00:00"]
[Board "172"]

1. d4 d5 2. Bg5 c6 3. e3 Bf5 4. c4 h6 5. Bh4 g5 6. Bg3 e6 7. Nc3 Bg7 8. Qb3 Qc8 9. Rc1 Nf6 10. cxd5 exd5 11. Nb5 O-O 12. Nc7 Nbd7 13. Nxa8 Qxa8 14. Bd3 Be4 15. Nf3 Re8 16. O-O Bxd3 17. Qxd3 Ne4 18. Nd2 f5 19. f3 Nxg3 20. hxg3 Qc8 21. Qxf5 Rxe3 22. Nb3 Qe8 23. Qc2 Re2 24. Qc3 Nb6 25. Rce1 Nc4 26. Rxe2 Qxe2 27. Re1 Qxb2 28. Qxb2 Nxb2 29. Re7 a5 30. Nxa5 Bxd4+ 31. Kf1 c5 32. Rxb7 c4 33. Rd7 c3 34. Rxd5 c2 35. Nb3 Be3 36. Rd8+ Kf7 37. Rc8 Nd3 38. Rxc2 Ne5 39. Re2 Nc4 40. Rc2 Nd6 41. a4 1-0


[Site "https://www.chess.com"]

[Event "Titled Tuesday Blitz August 15 Early 2023"]
[White "Wang, Alexander J"]
[Black "Stangl, Anita, Dr."]
[WhiteFideId "30955270"]
[BlackFideId "4608801"]
[WhiteElo "2284"]
[BlackElo "2097"]
[Result "1-0"]
[Round "7"]
[TimeControl "180+1"]
[Date "2023.08.15"]
[WhiteClock "0:01:10"]
[BlackClock "0:01:17"]
[Board "173"]

1. e4 e6 2. d4 d5 3. e5 c5 4. c3 Nc6 5. Nf3 Qb6 6. Be2 Bd7 7. O-O cxd4 8. cxd4 f6 9. exf6 Nxf6 10. Nc3 Bd6 11. h3 O-O 12. a3 a6 13. b4 Ne4 14. Bb2 Nxc3 15. Bxc3 Rac8 16. Rc1 Bb8 17. Qd2 Ne7 18. Bb2 Qd6 19. Rxc8 Bxc8 20. g3 Nf5 21. Ne5 Qe7 22. Bg4 Nh6 23. f4 Bxe5 24. dxe5 Nxg4 25. hxg4 Bd7 26. Bd4 Rc8 27. Bc5 Qf7 28. Qf2 Qg6 29. f5 Qxg4 30. fxe6 h6 31. exd7 Qxd7 32. Qf5 Qc7 33. Qe6+ Kh8 34. Rf7 Qc6 35. Qxc8+ Qxc8 36. Rf8+ Qxf8 37. Bxf8 d4 38. Kf2 Kg8 39. Bd6 Kf7 40. Ke2 Ke6 41. Kd3 Kd5 42. Bb8 g5 43. g4 h5 44. gxh5 g4 45. e6 Kxe6 46. Kxd4 Kf5 47. Kc5 Kg5 48. Kb6 Kxh5 49. Kxb7 Kg5 50. Kxa6 1-0


[Site "https://www.chess.com"]

[Event "Titled Tuesday Blitz August 15 Early 2023"]
[White "Rodriguez Santiago, Jaime"]
[Black "Souza Neves, Andrey M."]
[WhiteFideId "3100898"]
[BlackFideId "2101815"]
[WhiteElo "2278"]
[BlackElo "2099"]
[Result "0-1"]
[Round "7"]
[TimeControl "180+1"]
[Date "2023.08.15"]
[WhiteClock "0:00:00"]
[BlackClock "0:00:32"]
[Board "174"]

1. c4 e6 2. Nf3 d5 3. g3 Nf6 4. Bg2 c6 5. O-O dxc4 6. Ne5 b5 7. Nxc6 Nxc6 8. Bxc6+ Bd7 9. Bxa8 Qxa8 10. d3 h5 11. h4 Bc5 12. d4 Bd6 13. Nd2 Bc6 14. Nf3 O-O 15. Bf4 Bxf4 16. gxf4 Nd5 17. Qd2 f6 18. Kh2 Qb8 19. Rg1 Nxf4 20. Rg3 g5 21. Rag1 g4 22. Ne1 Kh8 23. e3 Ng6 24. e4 Nf4 25. e5 fxe5 26. dxe5 Qxe5 27. Nc2 Kg7 28. Nb4 Qf6 29. Nxc6 Qxh4+ 0-1


[Site "https://www.chess.com"]

[Event "Titled Tuesday Blitz August 15 Early 2023"]
[White "Haszon, David"]
[Black "KSho99"]
[WhiteFideId "733610"]
[WhiteElo "2489"]
[BlackElo "2206"]
[Result "0-1"]
[Round "7"]
[TimeControl "180+1"]
[Date "2023.08.15"]
[WhiteClock "0:00:12"]
[BlackClock "0:00:24"]
[Board "175"]

1. Nf3 f5 2. d4 Nf6 3. g3 e6 4. Bg2 d5 5. O-O Bd6 6. c4 c6 7. Nc3 O-O 8. b3 Nbd7 9. Bb2 b6 10. Rc1 Bb7 11. Nb1 Qe7 12. Ne5 c5 13. e3 Rac8 14. Nd2 Ne4 15. f3 Nxd2 16. Qxd2 dxc4 17. Nxc4 Bb8 18. Rcd1 Rfd8 19. dxc5 Nxc5 20. Qc3 Rxd1 21. Rxd1 b5 22. Ne5 Na4 23. Qd2 Nxb2 24. Qxb2 Qc5 25. Nd7 Qxe3+ 26. Kh1 Bxf3 27. Rf1 Bxg2+ 28. Qxg2 Bd6 29. Qb7 Qe4+ 30. Qxe4 fxe4 31. Rd1 e3 32. Rxd6 e2 33. Rxe6 Rc1+ 34. Kg2 e1=Q 35. Rxe1 Rxe1 36. Nc5 Ra1 37. a4 Ra2+ 38. Kh3 b4 39. Na6 Ra3 40. Nc5 Kf7 41. Kg4 Ra2 42. h4 Rb2 43. Kf5 Rc2 44. Na6 Rc3 45. g4 Rxb3 46. Nc5 Rf3+ 47. Ke4 Rh3 48. h5 Rh4 49. Kf4 Rh3 50. Kg5 b3 51. Ne4 b2 52. Nd2 Rh2 53. Nb1 Rh1 54. Nc3 b1=Q 55. Nxb1 Rxb1 56. Kf5 Ra1 57. Ke5 Rxa4 58. g5 Ra5+ 59. Kf4 Rxg5 60. Kxg5 a5 61. Kf5 a4 62. Ke4 h6 63. Kd3 Kf6 64. Kc3 Kg5 65. Kb4 Kxh5 66. Kxa4 Kg4 67. Kb4 h5 68. Kc4 h4 69. Kd5 Kg3 70. Ke6 Kg2 71. Kf7 h3 72. Kg8 h2 73. Kf8 h1=Q 74. Kg8 g5 75. Kf8 g4 76. Kg8 g3 77. Kf8 Kf3 78. Kg8 Qh4 79. Kf8 Qh7 80. Ke8 g2 81. Kd8 g1=Q 0-1


[Site "https://www.chess.com"]

[Event "Titled Tuesday Blitz August 15 Early 2023"]
[White "Valle Maytin, Luis Enrique"]
[Black "Mirzanurov, Bulat"]
[WhiteFideId "3503666"]
[BlackFideId "4184521"]
[WhiteElo "2367"]
[BlackElo "2203"]
[Result "1/2-1/2"]
[Round "7"]
[TimeControl "180+1"]
[Date "2023.08.15"]
[WhiteClock "0:00:10"]
[BlackClock "0:00:08"]
[Board "176"]

1. d4 d5 2. Nf3 Nf6 3. e3 c5 4. Bd3 Nc6 5. O-O Bg4 6. dxc5 e5 7. Be2 Bxc5 8. Nbd2 O-O 9. h3 Bf5 10. a3 Re8 11. b4 Bf8 12. Bb2 a6 13. Nh4 Bg6 14. Nxg6 hxg6 15. c4 d4 16. exd4 Nxd4 17. Nb3 Nxe2+ 18. Qxe2 Qc8 19. Rac1 Qf5 20. c5 Rad8 21. Rfd1 Nd5 22. Na5 Nf4 23. Qe3 Rxd1+ 24. Rxd1 Qg5 25. g3 Qh5 26. Re1 Nxh3+ 27. Kg2 Qg4 28. Nxb7 Nf4+ 29. Kg1 Nd5 30. Qe4 Qd7 31. Na5 f5 32. Qe2 e4 33. c6 Qf7 34. Rd1 f4 35. Qc4 Nf6 36. Qxf7+ Kxf7 37. Bxf6 Kxf6 38. gxf4 Kf5 39. Rd7 Kxf4 40. c7 Rc8 41. Nc6 Bd6 42. Rxd6 Rxc7 43. Rxg6 e3 44. fxe3+ Kxe3 45. Kg2 Kd3 46. a4 Kc4 47. Rg4+ Kb3 48. Rg6 Kxa4 49. Kf3 Kb5 50. Ke4 Rxc6 51. Rxg7 Kxb4 52. Kd3 a5 53. Rb7+ Ka4 54. Rb1 Ka3 55. Ra1+ Kb4 56. Rb1+ Ka4 57. Ra1+ Kb5 58. Rb1+ Ka6 59. Ra1 Rc8 60. Kd4 Kb5 61. Rb1+ Ka4 62. Ra1+ Kb4 63. Rb1+ Ka4 64. Ra1+ Kb5 65. Rb1+ Ka6 66. Ra1 Rc2 67. Kd3 Rc8 68. Kd4 1/2-1/2


[Site "https://www.chess.com"]

[Event "Titled Tuesday Blitz August 15 Early 2023"]
[White "Iunusovnuriddin"]
[Black "Putri, Regita Desyari"]
[BlackFideId "7109083"]
[WhiteElo "2309"]
[BlackElo "2199"]
[Result "1-0"]
[Round "7"]
[TimeControl "180+1"]
[Date "2023.08.15"]
[WhiteClock "0:00:12"]
[BlackClock "0:00:06"]
[Board "177"]

1. d4 Nf6 2. c4 g6 3. Nc3 d5 4. Nf3 Bg7 5. Qb3 c6 6. Bg5 dxc4 7. Qxc4 O-O 8. e4 h6 9. Bf4 Na6 10. Be2 Be6 11. Qa4 Nc7 12. O-O g5 13. Be5 Bg4 14. h3 Bh5 15. Rad1 Bg6 16. Bd3 Ne6 17. Rfe1 Nh5 18. Bxg7 Kxg7 19. Bf1 Kh7 20. d5 cxd5 21. Nxd5 Qe8 22. Qb4 Nef4 23. Nc7 Qc6 24. Nxa8 Rxa8 25. g3 Ne6 26. Qxe7 Re8 27. Qb4 a5 28. Qxa5 Qc2 29. Ne5 Bxe4 30. Rc1 Qxb2 31. Nxf7 Nd4 32. Bg2 Ne2+ 33. Rxe2 Qxe2 34. Nd6 Bxg2 35. Qf5+ Kg8 36. Nxe8 Bc6 37. Nf6+ Kg7 38. Nxh5+ Kg8 39. Rxc6 Qe1+ 40. Kg2 bxc6 41. Qc8+ Kf7 42. Qxc6 Qd2 43. Qf3+ Kg8 44. Nf6+ Kg7 45. Ng4 Qd6 46. Qf6+ Qxf6 47. Nxf6 Kxf6 48. g4 Ke5 49. Kf3 Kd5 50. a4 Kc5 51. Ke4 Kb4 52. Kf5 Kxa4 53. Kg6 1-0


[Site "https://www.chess.com"]

[Event "Titled Tuesday Blitz August 15 Early 2023"]
[White "Muhammad Shahzeb"]
[Black "Tqebuchava, Zurab"]
[WhiteFideId "7804806"]
[BlackFideId "13601113"]
[WhiteElo "2293"]
[BlackElo "2198"]
[Result "1-0"]
[Round "7"]
[TimeControl "180+1"]
[Date "2023.08.15"]
[WhiteClock "0:01:45"]
[BlackClock "0:00:00"]
[Board "178"]

1. e4 d6 2. d4 g6 3. Nc3 Bg7 4. Bg5 c6 5. Qd2 Nd7 6. O-O-O b5 7. f4 b4 8. Nce2 Qa5 9. Kb1 Rb8 10. Nf3 Rb6 11. Ng3 Ba6 12. Ne2 Ngf6 13. Qe3 Bc4 14. b3 Bxe2 15. Bxe2 O-O 16. h4 d5 17. e5 Ne4 18. Rd3 Ra6 19. a4 Nc3+ 20. Rxc3 bxc3 21. Bxa6 Qxa6 22. Bxe7 Rb8 23. Bd6 Rb7 24. Qxc3 Qxa4 25. h5 Nb6 26. bxa4 Nxa4+ 27. Qb3 1-0


[Site "https://www.chess.com"]

[Event "Titled Tuesday Blitz August 15 Early 2023"]
[White "Tharushi, T H D Niklesha"]
[Black "Martin, Lewis"]
[WhiteFideId "9918264"]
[BlackFideId "410551"]
[WhiteElo "2158"]
[BlackElo "2288"]
[Result "1-0"]
[Round "7"]
[TimeControl "180+1"]
[Date "2023.08.15"]
[WhiteClock "0:01:53"]
[BlackClock "0:02:08"]
[Board "179"]

1. e4 c5 2. Nf3 d6 3. d4 cxd4 4. Nxd4 Nf6 5. Nc3 a6 6. Bg5 e6 7. f4 b5 8. Qf3 Bb7 9. Bd3 Nbd7 10. O-O-O Be7 11. Rhe1 Rc8 12. Qg3 Qa5 13. e5 dxe5 14. fxe5 Nh5 15. Qh4 Bxg5+ 16. Qxg5 g6 17. Nxe6 fxe6 18. Bxg6+ hxg6 19. Qxg6+ Ke7 20. Rxd7+ Kxd7 21. Qf7+ Kc6 22. Qxe6+ Kc7 23. Qd6# 1-0


[Site "https://www.chess.com"]

[Event "Titled Tuesday Blitz August 15 Early 2023"]
[White "Novikova, Margarita"]
[Black "Ai, Evan"]
[WhiteFideId "14109689"]
[BlackFideId "2094770"]
[WhiteElo "2125"]
[BlackElo "2279"]
[Result "1-0"]
[Round "7"]
[TimeControl "180+1"]
[Date "2023.08.15"]
[WhiteClock "0:01:33"]
[BlackClock "0:00:27"]
[Board "180"]

1. e4 e5 2. Nf3 Nc6 3. Bc4 Nf6 4. Ng5 d5 5. exd5 Na5 6. Bb5+ c6 7. dxc6 bxc6 8. Be2 h6 9. Nf3 e4 10. Ng1 Bc5 11. d3 O-O 12. a3 exd3 13. Qxd3 Qxd3 14. Bxd3 Re8+ 15. Ne2 Bd6 16. O-O Nb7 17. Bf4 Bxf4 18. Nxf4 Nc5 19. Nc3 a5 20. Rfe1 Bd7 21. Bc4 Reb8 22. b3 Bf5 23. Re2 Nce4 24. Nxe4 Nxe4 25. Bd3 Nd6 26. Bxf5 Nxf5 27. a4 Re8 28. Rae1 Rxe2 29. Rxe2 Nd4 30. Rd2 Rd8 31. Kf1 g5 32. Ne2 Ne6 33. Rxd8+ Nxd8 34. Nd4 Kg7 35. b4 axb4 36. a5 c5 37. a6 1-0


[Site "https://www.chess.com"]

[Event "Titled Tuesday Blitz August 15 Early 2023"]
[White "Blokhin, Sofia"]
[Black "Politov, Pavel Y."]
[WhiteFideId "4508190"]
[BlackFideId "24110515"]
[WhiteElo "2279"]
[BlackElo "2090"]
[Result "1-0"]
[Round "7"]
[TimeControl "180+1"]
[Date "2023.08.15"]
[WhiteClock "0:00:31"]
[BlackClock "0:00:21"]
[Board "181"]

1. d4 d5 2. c4 dxc4 3. Nf3 Nf6 4. e3 e6 5. Bxc4 c5 6. Nc3 a6 7. a4 Nc6 8. O-O Be7 9. d5 exd5 10. Nxd5 Nxd5 11. Bxd5 Nb4 12. Bb3 O-O 13. Bd2 Nd3 14. Qc2 Bf5 15. e4 Bxe4 16. Qc4 Bg6 17. Bc3 Qc7 18. Rad1 Rad8 19. Bc2 b5 20. axb5 axb5 21. Qxb5 Nb4 22. Bxg6 hxg6 23. Qc4 Nc6 24. h4 Rxd1 25. Rxd1 Rd8 26. Re1 Bf8 27. Ng5 Qd7 28. h5 gxh5 29. Qe4 Qd5 30. Qh7# 1-0


[Site "https://www.chess.com"]

[Event "Titled Tuesday Blitz August 15 Early 2023"]
[White "Winkels, Marcel"]
[Black "AndresDelgado77"]
[WhiteFideId "1003887"]
[WhiteElo "2076"]
[BlackElo "2249"]
[Result "0-1"]
[Round "7"]
[TimeControl "180+1"]
[Date "2023.08.15"]
[WhiteClock "0:01:54"]
[BlackClock "0:01:01"]
[Board "182"]

1. e4 c5 2. Nf3 a6 3. c4 e6 4. Nc3 Qc7 5. Be2 Nf6 6. d4 cxd4 7. Nxd4 Bb4 8. Qd3 b6 9. Be3 Bb7 10. Bf3 Nc6 11. Nxc6 Bxc6 12. O-O O-O 13. Na4 Bxa4 14. e5 Qxe5 15. Bxa8 Rxa8 16. Bxb6 Ng4 17. f4 Bc5+ 18. Bxc5 Qxc5+ 19. Kh1 Nf2+ 20. Rxf2 Qxf2 0-1


[Site "https://www.chess.com"]

[Event "Titled Tuesday Blitz August 15 Early 2023"]
[White "Kriti Mayur Patel"]
[Black "Dilmukhametov, Artur"]
[WhiteFideId "35061780"]
[BlackFideId "24179922"]
[WhiteElo "2064"]
[BlackElo "2249"]
[Result "1-0"]
[Round "7"]
[TimeControl "180+1"]
[Date "2023.08.15"]
[WhiteClock "0:02:00"]
[BlackClock "0:00:25"]
[Board "183"]

1. e4 c6 2. d4 d5 3. exd5 cxd5 4. Bd3 Nc6 5. c3 Nf6 6. Bf4 Bg4 7. Qb3 Qc8 8. Nd2 e6 9. Ngf3 Bxf3 10. Nxf3 Be7 11. O-O O-O 12. Rae1 a6 13. Bb1 h6 14. Ne5 Rd8 15. Qc2 Bf8 16. Qd3 Ne4 17. f3 Nf6 18. Nxc6 bxc6 19. Be5 Be7 20. f4 c5 21. Bxf6 Bxf6 22. Qh7+ Kf8 23. f5 Rd6 24. fxe6 Rxe6 25. Bf5 Rxe1 26. Rxe1 1-0


[Site "https://www.chess.com"]

[Event "Titled Tuesday Blitz August 15 Early 2023"]
[White "Rivas Garcia, Victor"]
[Black "Osiecki, Stanislaw"]
[WhiteFideId "2217740"]
[BlackFideId "1102990"]
[WhiteElo "2236"]
[BlackElo "2040"]
[Result "1/2-1/2"]
[Round "7"]
[TimeControl "180+1"]
[Date "2023.08.15"]
[WhiteClock "0:00:28"]
[BlackClock "0:00:22"]
[Board "184"]

1. e4 e6 2. d3 c5 3. g3 g6 4. Bg2 Bg7 5. Nf3 Ne7 6. O-O O-O 7. Qe2 Nbc6 8. c3 d5 9. Re1 d4 10. c4 e5 11. Nbd2 Bg4 12. h3 Bd7 13. Nf1 h6 14. Bd2 a6 15. a3 b5 16. Rec1 bxc4 17. Rxc4 Qb6 18. b4 cxb4 19. axb4 a5 20. bxa5 Nxa5 21. Rb4 Qc5 22. Rc1 Qd6 23. Nh4 Nec6 24. Rbb1 Rfb8 25. f4 Rxb1 26. Rxb1 Rb8 27. Qd1 Rxb1 28. Qxb1 Qa3 29. f5 g5 30. Nf3 Qb3 31. Qxb3 Nxb3 32. g4 f6 33. h4 Nxd2 34. N1xd2 Nb4 35. Bf1 Bb5 36. hxg5 hxg5 37. Ne1 Kf7 38. Kf2 Ke7 39. Ke2 Kd6 40. Kd1 Kc6 41. Be2 Ba4+ 42. Kc1 Na2+ 43. Kb2 Nc3 44. Bf3 Bf8 45. Nc4 Kc5 46. Nc2 Bb5 47. N2a3 Bxc4 48. Nxc4 Kb4 49. Kc2 Bc5 50. Nd2 Nb5 51. Nc4 Na3+ 52. Nxa3 Kxa3 53. Be2 Ka2 54. Bf3 Ka3 55. Be2 Ka2 56. Bf3 Ka3 1/2-1/2


[Site "https://www.chess.com"]

[Event "Titled Tuesday Blitz August 15 Early 2023"]
[White "Schachpanda_Youtube"]
[Black "ivana_999"]
[WhiteElo "2231"]
[BlackElo "2040"]
[Result "0-1"]
[Round "7"]
[TimeControl "180+1"]
[Date "2023.08.15"]
[WhiteClock "0:00:56"]
[BlackClock "0:02:17"]
[Board "185"]

1. e4 e6 2. Qe2 d5 3. exd5 Qxd5 4. Nc3 Qd8 5. b3 Nf6 6. Bb2 c5 7. O-O-O Nc6 8. Nf3 Nd5 9. g3 b6 10. Bg2 Bb7 11. Nxd5 Qxd5 12. d4 cxd4 13. Nxd4 Nxd4 14. Bxd5 Nxe2+ 15. Kb1 Bxd5 16. Rxd5 exd5 17. Re1 Kd7 0-1


[Site "https://www.chess.com"]

[Event "Titled Tuesday Blitz August 15 Early 2023"]
[White "White, John S."]
[Black "Liu, Leonardo"]
[WhiteFideId "2502348"]
[BlackFideId "30965780"]
[WhiteElo "2008"]
[BlackElo "2224"]
[Result "0-1"]
[Round "7"]
[TimeControl "180+1"]
[Date "2023.08.15"]
[WhiteClock "0:00:14"]
[BlackClock "0:01:13"]
[Board "186"]

1. e4 c5 2. Nf3 g6 3. d4 cxd4 4. Nxd4 Bg7 5. Nc3 Nc6 6. Be3 Nf6 7. f3 O-O 8. Bc4 Qb6 9. Qd2 Nxe4 10. Nxc6 Nxd2 11. Nxe7+ Kh8 12. Bxb6 Nxc4 13. Bc5 d6 14. Bf2 Nxb2 15. Ned5 Be6 16. Rb1 Rac8 17. Rxb2 Bxd5 18. Nxd5 Bxb2 19. O-O Rxc2 20. Rb1 b6 21. Rxb2 Rc1+ 22. Be1 Rxe1+ 23. Kf2 Rfe8 24. Nf6 R8e6 25. Ne4 Rd1 26. Rc2 Ra1 27. Ng5 Re7 28. Ne4 d5 29. Nf6 Rd1 30. g4 h6 31. h4 g5 32. h5 Kg7 33. Rc6 Re6 34. Rxe6 fxe6 35. Ne8+ Kf7 36. Nc7 Rd2+ 37. Ke3 Rxa2 38. Nb5 Ke7 39. Nc3 Ra3 40. Kd2 Rxc3 41. Kxc3 Kd6 42. Kb4 Ke5 0-1


[Site "https://www.chess.com"]

[Event "Titled Tuesday Blitz August 15 Early 2023"]
[White "Navyblue1"]
[Black "Vaglio Munoz, Jaime"]
[BlackFideId "6500145"]
[WhiteElo "1954"]
[BlackElo "2222"]
[Result "0-1"]
[Round "7"]
[TimeControl "180+1"]
[Date "2023.08.15"]
[WhiteClock "0:00:00"]
[BlackClock "0:00:48"]
[Board "187"]

1. d4 c5 2. d5 d6 3. c4 b5 4. cxb5 a6 5. e4 g6 6. Bd2 axb5 7. Bxb5+ Nd7 8. Bc3 Nf6 9. Nd2 Bg7 10. Ngf3 Ba6 11. Bxa6 Rxa6 12. Qe2 Qa8 13. a3 O-O 14. O-O e6 15. dxe6 fxe6 16. Ng5 Re8 17. Ndf3 h6 18. Nh3 Nxe4 19. Bxg7 Kxg7 20. Rfe1 d5 21. Qb5 Qc6 22. Qxc6 Rxc6 23. Nf4 Rb8 24. Re2 g5 25. Nd3 Kf6 26. g3 e5 27. Nd2 Nxd2 28. Rxd2 e4 29. Ne1 Nb6 30. a4 Ke5 31. a5 Nc4 32. Rc2 Ra6 33. f3 e3 34. Nd3+ Kd4 35. Ne1 Rxb2 36. Rd1+ Ke5 37. Nd3+ Kd6 38. Nxb2 Nxb2 39. Rxb2 Rxa5 40. Re2 Ra3 41. Kg2 Ke5 42. f4+ gxf4 43. gxf4+ Ke4 44. Kg3 d4 45. Kg4 d3 46. Rde1 dxe2 47. Rxe2 c4 48. f5 Ra8 49. f6 Rg8+ 50. Kh5 Kf3 51. Rc2 e2 52. f7 Rf8 53. Rc3+ Kf2 54. Rxc4 e1=Q 55. Rf4+ Ke3 56. Rf6 Qh1 57. Kg6 Qxh2 58. Kg7 Qb8 59. Re6+ Kf4 60. Rxh6 Rd8 61. Rf6+ Kg5 62. f8=Q Rxf8 63. Rxf8 Qe5+ 64. Kf7 Qc7+ 65. Ke8 Kg6 0-1


[Site "https://www.chess.com"]

[Event "Titled Tuesday Blitz August 15 Early 2023"]
[White "Hrescak, Ivana"]
[Black "Thiel, Thomas"]
[WhiteFideId "14613441"]
[BlackFideId "4615964"]
[WhiteElo "2255"]
[BlackElo "2215"]
[Result "0-1"]
[Round "7"]
[TimeControl "180+1"]
[Date "2023.08.15"]
[WhiteClock "0:00:08"]
[BlackClock "0:01:18"]
[Board "188"]

1. e4 d5 2. exd5 Nf6 3. d4 Nxd5 4. Nf3 g6 5. Be2 Bg7 6. O-O O-O 7. h3 Nc6 8. c4 Nb6 9. d5 Na5 10. Nbd2 c6 11. b4 Bxa1 12. bxa5 Nd7 13. Ba3 Bf6 14. dxc6 bxc6 15. Ne4 Re8 16. Nxf6+ exf6 17. Qd2 Qc7 18. Bd6 Qd8 19. c5 Ne5 20. Nxe5 fxe5 21. Bc4 Be6 22. Bxe6 Rxe6 23. Rb1 Qd7 24. Qd3 e4 25. Qa6 e3 26. fxe3 Rxe3 27. Rb7 Qe8 28. Rxa7 Rxa7 29. Qxa7 Re1+ 30. Kh2 h5 31. a6 Qe3 32. Qb8+ Kh7 33. a7 h4 34. Qh8+ Kxh8 35. a8=Q+ Kh7 36. Qxc6 Qg1# 0-1


[Site "https://www.chess.com"]

[Event "Titled Tuesday Blitz August 15 Early 2023"]
[White "Feliz Dotel, Dewar Bienvenido"]
[Black "Vargas, Mauricio"]
[WhiteFideId "6402801"]
[BlackFideId "4404572"]
[WhiteElo "2187"]
[BlackElo "1880"]
[Result "1-0"]
[Round "7"]
[TimeControl "180+1"]
[Date "2023.08.15"]
[WhiteClock "0:00:17"]
[BlackClock "0:00:01"]
[Board "189"]

1. d4 d5 2. e3 c6 3. c4 Bf5 4. Bd3 Bxd3 5. Qxd3 e6 6. Nc3 Bd6 7. Nf3 Nf6 8. O-O O-O 9. Re1 dxc4 10. Qxc4 b5 11. Qd3 a6 12. Ne4 Be7 13. Bd2 Nbd7 14. Rec1 Qb6 15. Rc2 Rfd8 16. Rac1 Rac8 17. Ng3 e5 18. Nf5 Bf8 19. Qe2 exd4 20. N3xd4 c5 21. Nf3 c4 22. Bc3 Nc5 23. Ng5 Nd3 24. Rf1 Rd5 25. e4 Re8 26. Qf3 Rdd8 27. Ng3 Qc5 28. Bxf6 gxf6 29. Qxf6 Bg7 30. Qxf7+ Kh8 31. Nf5 Re7 32. Qh5 Red7 33. Qxh7# 1-0


[Site "https://www.chess.com"]

[Event "Titled Tuesday Blitz August 15 Early 2023"]
[White "Grigoryan, Meri"]
[Black "Maluco_do_Natal_00"]
[WhiteFideId "13300571"]
[WhiteElo "2118"]
[BlackElo "2062"]
[Result "1/2-1/2"]
[Round "7"]
[TimeControl "180+1"]
[Date "2023.08.15"]
[WhiteClock "0:00:02"]
[BlackClock "0:00:03"]
[Board "190"]

1. d4 d5 2. Nf3 Nf6 3. Bf4 e6 4. c3 c5 5. e3 Nc6 6. Bb5 Bd7 7. Nbd2 a6 8. Bxc6 Bxc6 9. Ne5 Rc8 10. dxc5 Bxc5 11. Nb3 Bd6 12. Nd4 O-O 13. O-O Be8 14. Rc1 Qc7 15. Ndf3 g5 16. Bxg5 Bxe5 17. Nxe5 Qxe5 18. f4 Qxe3+ 19. Kh1 Ne4 20. Bh6 f5 21. Bxf8 Kxf8 22. Rc2 Qc5 23. Re2 Bh5 24. Qe1 Bxe2 25. Qxe2 Rc7 26. Rf3 Rg7 27. Qe1 Qe7 28. b3 Rg4 29. c4 dxc4 30. bxc4 Kf7 31. Rd3 Rg8 32. h3 Rd8 33. Re3 Rd4 34. Qe2 Qd6 35. Qh5+ Kg7 36. Qh4 Rd1+ 37. Kh2 Rd4 38. Qh5 Nf6 39. Qg5+ Kf7 40. Rg3 Qxf4 41. Qg7+ Ke8 42. Qxf6 Kd7 43. Qf7+ Kc6 44. Qe8+ Kb6 45. Qxe6+ Ka7 46. Qe1 Rxc4 47. Qg1+ Ka8 48. Qe1 Rb4 49. Kh1 h5 50. Rg8+ Ka7 51. Qg1+ Qd4 52. Qc1 Qc4 53. Qg1+ Qd4 54. Qc1 Rc4 55. Qb1 Rb4 56. Qc1 1/2-1/2


[Site "https://www.chess.com"]

[Event "Titled Tuesday Blitz August 15 Early 2023"]
[White "BeautiFullMindChess"]
[Black "Seletsky, Grigory"]
[BlackFideId "14112191"]
[WhiteElo "2208"]
[BlackElo "2473"]
[Result "0-1"]
[Round "7"]
[TimeControl "180+1"]
[Date "2023.08.15"]
[WhiteClock "0:00:00"]
[BlackClock "0:00:34"]
[Board "192"]

1. e4 c5 2. Nf3 d6 3. d4 cxd4 4. Nxd4 Nf6 5. Nc3 a6 6. Bg5 e5 7. Nde2 Be7 8. Bxf6 Bxf6 9. Ng3 O-O 10. Bc4 Be6 11. Nd5 Bg5 12. h4 Bh6 13. Nf5 Bxf5 14. exf5 Nd7 15. g4 Bf4 16. g5 Rc8 17. Bb3 Kh8 18. f6 gxf6 19. Qg4 Rg8 20. Qf5 Rg6 21. c3 Rc5 22. Rd1 fxg5 23. hxg5 Bxg5 24. Rxh7+ Kxh7 25. Qxf7+ Kh6 26. Ke2 Rxd5 27. Rh1+ Bh4 28. Bxd5 Nc5 29. b4 Qf6 0-1


[Site "https://www.chess.com"]

[Event "Titled Tuesday Blitz August 15 Early 2023"]
[White "Mesa Cruz, Juan Carlos"]
[Black "Cardenas Carbajal, Nilson"]
[WhiteFideId "6423400"]
[BlackFideId "8401128"]
[WhiteElo "2424"]
[BlackElo "2129"]
[Result "1/2-1/2"]
[Round "7"]
[TimeControl "180+1"]
[Date "2023.08.15"]
[WhiteClock "0:01:14"]
[BlackClock "0:00:18"]
[Board "193"]

1. d4 e6 2. Nf3 d5 3. g3 Nf6 4. Bg2 c5 5. c3 Nc6 6. O-O Be7 7. Nbd2 O-O 8. b3 b6 9. Bb2 Ba6 10. Re1 Rc8 11. e4 dxe4 12. Nxe4 cxd4 13. Nxd4 Nxd4 14. Nxf6+ Bxf6 15. cxd4 Qd7 16. Rc1 Rxc1 17. Qxc1 Bxd4 18. Bxd4 Qxd4 19. Qa3 Qc3 20. Rc1 Qa5 21. Qxa5 bxa5 22. Bf1 Rc8 23. Rd1 Bxf1 24. Kxf1 h6 25. Rd7 Rc2 26. Rxa7 Rxa2 27. b4 a4 28. b5 Ra1+ 29. Ke2 a3 30. b6 a2 31. b7 Rb1 32. Ra8+ Kh7 33. Rxa2 Rxb7 34. h4 g6 35. Kf3 Rb4 36. Rc2 Kg7 37. Rc5 Rb3+ 38. Ke2 Kf6 39. Ra5 g5 40. hxg5+ hxg5 41. Rc5 e5 42. g4 Rb4 43. f3 e4 44. Rf5+ Kg6 45. Ke3 exf3 46. Kxf3 f6 47. Kg3 Re4 48. Kf3 Re5 49. Rxe5 fxe5 50. Ke4 Kf6 51. Kd5 e4 52. Kxe4 Ke6 53. Kd4 Kd6 54. Ke4 Ke6 55. Kd3 Ke5 56. Ke3 Kd5 57. Kd3 Ke5 58. Ke3 Kd5 59. Kf3 Kd4 60. Kf2 Ke4 61. Kg3 Ke3 62. Kh3 Kf4 63. Kh2 Kf3 64. Kh3 Kf4 65. Kh2 Kxg4 66. Kg2 Kf4 67. Kf2 Kg4 68. Kg2 Kf4 69. Kf2 Kg4 70. Kg2 1/2-1/2


[Site "https://www.chess.com"]

[Event "Titled Tuesday Blitz August 15 Early 2023"]
[White "Bortnyk, Olexandr"]
[Black "Fedoseev, Vladimir"]
[WhiteFideId "14120828"]
[BlackFideId "24130737"]
[WhiteElo "3103"]
[BlackElo "3116"]
[Result "1/2-1/2"]
[Round "8"]
[TimeControl "180+1"]
[Date "2023.08.15"]
[WhiteClock "0:00:03"]
[BlackClock "0:00:06"]
[Board "1"]

1. d4 Nf6 2. Nc3 g6 3. e4 d6 4. Bg5 Bg7 5. Qd2 h6 6. Bh4 g5 7. Bg3 Nh5 8. O-O-O Nc6 9. Qe3 e5 10. dxe5 Nxe5 11. Be2 Nf4 12. Bxf4 gxf4 13. Qd2 Be6 14. Kb1 Qg5 15. Nb5 O-O-O 16. Qa5 Rd7 17. Qxa7 Kd8 18. Nf3 Nxf3 19. gxf3 Ke7 20. Rhg1 Qe5 21. c3 c5 22. Rd2 Bf6 23. Rgd1 Rhd8 24. Qa4 d5 25. exd5 Rxd5 26. Rxd5 Bxd5 27. Qc2 Bh4 28. c4 Be6 29. Rxd8 Kxd8 30. Qd2+ Ke7 31. Bd3 Qg5 32. Nc3 Qg1+ 33. Kc2 Qxh2 34. Ne4 b6 35. Be2 Kf8 36. Qd6+ Kg7 37. Qxb6 Bxf2 38. Qd6 Bd4 39. Kd1 Qg1+ 40. Kc2 Qe3 41. Kd1 Bxb2 42. Qd2 Bd4 43. Qxe3 fxe3 44. a4 Bc8 45. a5 Ba6 46. Ke1 f5 47. Nd6 Kf6 48. Bd3 f4 49. Kf1 Ke6 50. Ne4 Ke5 51. Kg2 Bb7 52. Be2 Ba6 53. Bd3 h5 54. Kh3 Bc8+ 55. Kh4 Bb2 56. Kxh5 Ba3 57. Kg5 Bb4 58. Be2 Bxa5 59. Nxc5 Bc7 60. Nd3+ Kd4 61. Nxf4 Bxf4+ 62. Kxf4 Ba6 63. Bf1 Bb7 64. c5 Kxc5 65. Kxe3 Bxf3 1/2-1/2


[Site "https://www.chess.com"]